 Dungeon Crawl Stone Soup version 0.28-a0-726-g4a9143789a (webtiles) character file.

Game seed: 15435242524258566099

6965 oldriver the Thaumaturge (level 10, -5/72 HPs)
             Began as a Pale Draconian Fire Elementalist on Oct 27, 2021.
             Was a Believer of Vehumet.
             Slain by a slime creature (14 damage)
             ... on level 9 of the Dungeon.
             The game lasted 00:23:31 (17218 turns).

oldriver the Thaumaturge (DrFE)                    Turns: 17218, Time: 00:23:31

Health: -5/72      AC:  8    Str: 11    XL:     10   Next: 81%
Magic:  18/26      EV: 12    Int: 24    God:    Vehumet [**....]
Gold:   525        SH:  0    Dex: 12    Spells: 17/33 levels left

rFire   . . .      SeeInvis .   o - +1 mace (venom)
rCold   . . .      Faith    .   (no shield)
rNeg    + . .      Spirit   .   (armour unavailable)
rPois   .          Reflect  .   (helmet restricted)
rElec   .          Harm     .   e - +0 cloak
rCorr   .          Rampage  .   (no gloves)
Will    +....                   (no boots)
Stlth   ++........              (no amulet)
HPRegen 0.22/turn               n - ring of positive energy
MPRegen 0.20/turn               y - +6 ring of intelligence

@: no status effects
A: breathe steam, AC +7, unfitting armour, cold-blooded, steam resistance,
antennae 1, strong-willed 1, wild magic 1
a: Breathe Steam, Renounce Religion


You were on level 9 of the Dungeon.
You worshipped Vehumet.
Vehumet was pleased with you.
You visited 1 branch of the dungeon, and saw 10 of its levels.

You collected 525 gold pieces.

Inventory:

Hand Weapons
 o - a +1 mace of venom (weapon)
Armour
 e - a +0 cloak (worn)
Jewellery
 l - a ring of see invisible
 n - a ring of positive energy (left hand)
 x - a ring of flight
 y - a +6 ring of intelligence (right hand)
Wands
 d - a wand of iceblast (26)
 q - a wand of polymorph (23)
 w - a wand of acid (6)
Scrolls
 a - 2 scrolls of amnesia {unknown}
 b - a scroll of torment {unknown}
 c - a scroll of enchant weapon {unknown}
 f - 3 scrolls of noise {unknown}
 g - 11 scrolls of identify {unknown}
 h - 3 scrolls of enchant armour {unknown}
 i - 3 scrolls of teleportation {unknown}
 j - 2 scrolls of blinking {unknown}
 k - a scroll of summoning {unknown}
 m - 4 scrolls of fear {unknown}
 p - a scroll of immolation {unknown}
 r - 3 scrolls of brand weapon {unknown}
 z - a scroll of fog {unknown}
Potions
 s - 3 potions of might
 u - 2 potions of ambrosia {unknown}
 v - a potion of flight {unknown}


   Skills:
 + Level 1.4 Fighting
 + Level 0.3 Short Blades
 + Level 1.4 Maces & Flails
 - Level 1.7 Dodging
 - Level 1.7 Stealth
 + Level 12.1 Spellcasting
 + Level 5.6 Conjurations
 + Level 9.7 Fire Magic
 + Level 0.1 Air Magic


You had 17 spell levels left.
You knew the following spells:

 Your Spells              Type           Power      Damage    Failure   Level
a - Foxfire               Conj/Fire      100%       2x1d9     1%          1
b - Scorch                Fire           100%       2d10      1%          2
c - Conjure Flame         Conj/Fire      61%        6-21      1%          3
d - Flame Wave            Conj/Fire      61%        3d11      3%          4
e - Shock                 Conj/Air       100%       1d9       2%          1
f - Passwall              Tmut/Erth      15%        N/A       10%         2
g - Swiftness             Air            19%        N/A       17%         3

Your spell library contained the following spells:

 Spells                   Type           Power      Damage    Failure   Level
 Poisonous Vapours        Pois/Air       38%        N/A       10%         2
 Inner Flame              Hex/Fire       49%        N/A       3%          3
 Gell's Gravitas          Tloc           9%         N/A       19%         3
 Lesser Beckoning         Tloc           18%        N/A       19%         3
 Teleport Other           Tloc           18%        N/A       19%         3
 Irradiate                Conj/Tmut      18%        3d20      45%         5
 Passage of Golubria      Tloc           18%        N/A       47%         4
 Blade Hands              Tmut           9%         N/A       82%         5
 Silence                  Hex/Air        9%         N/A       82%         5
 Invisibility             Hex            9%         N/A       100%        6
 Dragon Form              Tmut           9%         N/A       100%        7
 Lehudib's Crystal Spear  Conj/Erth      18%        10d5      100%        8


Dungeon Overview and Level Annotations

Branches:
Dungeon (10/15)            Temple (0/1) D:6            Lair (0/6) D:9
    Orc: D:9-12

Altars:
Ashenzari
Cheibriados
Dithmenos
Gozag
Hepliaklqana
Kikubaaqudgha
Nemelex Xobeh
Okawaru
Qazlal
Ru
Vehumet
Wu Jian

Shops:
D:1 [==   D:2 ([[   D:7 *


Innate Abilities, Weirdness & Mutations

You can breathe blasts of scalding, opaque steam.
Your pale cyan-grey scales are hard. (AC +7)
You cannot fit into any form of body armour.
You are cold-blooded and may be slowed by cold attacks.
You are immune to the effects of steam.
You have a pair of small antennae on your head.
You are strong-willed. (Will+)
Your spells are a little harder to cast, but a little more powerful.


Message History

Casting: Scorch (safe; 1% risk of failure)
Confirm with . or Enter, or press ? or * to list all spells.
Flames lash the slime creature.
The slime creature is burned terribly!
The slime creature is almost dead.
The slime creature hits you!!
Unknown command.
Casting: Scorch (safe; 1% risk of failure)
Confirm with . or Enter, or press ? or * to list all spells.
Flames lash the slime creature.
The slime creature is lightly wounded.
The slime creature's fire resistance burns away.
A slime creature comes into view.
The slime creature hits you!
Two slime creatures merge to form a large slime creature.
The large slime creature is no longer more vulnerable to fire.
A slime creature comes into view.
There is a stone staircase leading up here.
The slime creature quivers.
The large slime creature hits you.
You climb upwards.
There is a stone staircase leading down here.
You completely miss the large slime creature.
Your tail-slap misses the large slime creature.
The large slime creature is heavily wounded.
The large slime creature hits you!!
* * * LOW HITPOINT WARNING * * *
There is an open door here.
You hit the large slime creature.
The large slime creature is heavily wounded.
A large slime creature splits.
Casting: Scorch (safe; 1% risk of failure)
Confirm with . or Enter, or press ? or * to list all spells.
Flames lash the slime creature.
The slime creature is heavily wounded.
The slime creature's fire resistance burns away.
The slime creature hits you!!
* * * LOW HITPOINT WARNING * * *
The slime creature barely misses you.
You feel better. The slime creature hits you!
You die...

'####### ####)##### ####'### ..#
#..## #.... #.## ##..# #####
#..### ##.# # ##...## ####'####
######## ###..# #.......#
#....... #####'### #.......###
#....... #.......#
####.......'.###.......
'.......###..'.J@....#..##.......
#.......'.>.##..J....#..##.......
#.......######......#...#########
####'#### #####'##...# ##.#
#...##...## #..# ###.#####...#
#.## #..[# #...## #.#
##'########.[.# #.# #.......#
#...##


You could see 2 slime creatures.

Vanquished Creatures
  Pikel (D:3)
  3 komodo dragons (D:9)
  Grinder (D:5)
  Prince Ribbit (D:6)
  2 wyverns (D:9)
  2 steam dragons
  5 yaks (D:5)
  Menkaure (D:7)
  4 water moccasins
  4 orc warriors
  An ice beast (D:7)
  2 black bears
  A necrophage (D:6)
  2 centaurs
  3 lemures
  A wolf (D:10)
  A kobold brigand (D:4)
  3 bullfrogs (D:7)
  Blork the orc (D:5)
  A scorpion (D:6)
  16 killer bees
  7 wights
  3 howler monkeys
  A vampire bat (D:9)
  A centaur zombie (D:9)
  2 gnoll shamans
  2 orc priests
  2 hounds
  2 jellies
  A bullfrog skeleton (D:5)
  A centaur skeleton (D:7)
  4 iguanas
  8 orc wizards
  2 killer bee zombies
  A hound skeleton (D:4)
  Robin (D:2)
  11 gnolls
  12 adders
  3 white imps
  An ufetubus (D:5)
  2 adder skeletons (D:4)
  3 worms
  2 dart slugs
  14 orcs
  10 ball pythons
  2 giant cockroaches (D:2)
  17 goblins
  14 hobgoblins
  6 jackals
  8 kobolds
  4 quokkas
  13 bats
  9 rats
225 creatures vanquished.

Vanquished Creatures (others)
  968 foxfires
  13 fungi (D:6)
  3 plants (D:2)
984 creatures vanquished.

Grand Total: 1209 creatures vanquished

Notes
Turn   | Place    | Note
-------+----------+-------------------------------------------
     0 | D:1      | oldriver the Draconian Fire Elementalist began the quest
                  | for the Orb.
     0 | D:1      | Reached XP level 1. HP: 14/14 MP: 3/3
   292 | D:1      | Found Saesyump's Jewellery Boutique.
   733 | D:1      | Reached XP level 2. HP: 20/20 MP: 1/5
   782 | D:1      | Found Heheemuc's Jewellery Emporium.
  1117 | D:1      | Found Laigh's Antique Armour Shop.
  1268 | D:1      | Reached skill level 3 in Spellcasting
  1899 | D:2      | Found Anithio's Antique Weapon Shop.
  1928 | D:2      | Reached XP level 3. HP: 26/26 MP: 1/7
  2072 | D:2      | Found Coogear's Armour Shoppe.
  2489 | D:2      | Found Iheuwusm's Armour Shop.
  3125 | D:2      | Reached skill level 4 in Spellcasting
  3134 | D:2      | Reached XP level 4. HP: 33/33 MP: 0/10
  3428 | D:2      | Learned a level 2 spell: Scorch
  3432 | D:2      | Learned a level 3 spell: Conjure Flame
  3437 | D:2      | Learned a level 4 spell: Flame Wave
  4033 | D:2      | Noticed Robin
  4038 | D:2      | Killed Robin
  4841 | D:3      | Found a faded altar of an unknown god.
  5465 | D:3      | Reached XP level 5. HP: 39/39 MP: 3/12
  5966 | D:3      | Reached skill level 5 in Spellcasting
  6347 | D:4      | Found a broken altar of Ashenzari.
  6423 | D:4      | Noticed a lemure
  6424 | D:4      | Noticed a lemure
  6424 | D:4      | Noticed Pikel
  6437 | D:4      | Noticed a lemure
  6459 | D:4      | Reached XP level 6. HP: 44/46 MP: 0/14
  8128 | D:3      | Gained mutation: Your spells are a little harder to cast,
                  | but a little more powerful. [potion of mutation]
  8128 | D:3      | Gained mutation: You have a pair of small antennae on your
                  | head. [potion of mutation]
  8128 | D:3      | Gained mutation: You are strong-willed. (Will+) [potion of
                  | mutation]
  8137 | D:3      | Killed Pikel
  8138 | D:3      | Reached skill level 7 in Spellcasting
  8138 | D:3      | Your scales start taking on a pale cyan-grey colour.
  8138 | D:3      | Reached skill level 5 in Fire Magic
  8138 | D:3      | Reached XP level 7. HP: 22/51 MP: 1/17
  8138 | D:3      | Gained mutation: You are immune to the effects of steam.
                  | [Pale Draconian growth]
  8370 | D:5      | Entered Level 5 of the Dungeon
  8597 | D:5      | Noticed Blork the orc
  8604 | D:5      | Killed Blork the orc
  8605 | D:5      | Reached XP level 8. HP: 58/58 MP: 10/19
  8851 | D:5      | Reached skill level 8 in Spellcasting
  9066 | D:5      | Noticed Grinder
  9081 | D:5      | Killed Grinder
  9373 | D:5      | Reached skill level 9 in Spellcasting
  9594 | D:5      | Reached XP level 9. HP: 52/63 MP: 13/22
  9706 | D:5      | Found an opulent altar of Gozag.
  9715 | D:5      | Found a radiant altar of Vehumet.
  9792 | D:5      | Reached skill level 1 in Fighting
 10320 | D:6      | Noticed Prince Ribbit
 10328 | D:6      | Killed Prince Ribbit
 10464 | D:6      | Found a sparkling altar of Nemelex Xobeh.
 10490 | D:6      | Found a stormy altar of Qazlal.
 10491 | D:6      | Found a sacrificial altar of Ru.
 10491 | D:6      | Found an ancient bone altar of Kikubaaqudgha.
 10491 | D:6      | Found a hazy altar of Hepliaklqana.
 10491 | D:6      | Found a snail-covered altar of Cheibriados.
 10492 | D:6      | Found an iron altar of Okawaru.
 10493 | D:6      | Found a shadowy altar of Dithmenos.
 10495 | D:6      | Found an ornate altar of the Wu Jian Council.
 10585 | D:5      | Became a worshipper of Vehumet
 10772 | D:6      | Reached skill level 1 in Maces & Flails
 11074 | D:6      | Reached skill level 10 in Spellcasting
 11223 | D:6      | Found a staircase to the Ecumenical Temple.
 11949 | D:7      | Noticed Menkaure
 12688 | D:7      | Reached * piety under Vehumet
 12688 | D:7      | Offered knowledge of Shock by Vehumet.
 12693 | D:7      | Learned a level 1 spell: Shock
 12939 | D:7      | Found Sunuomom's Overcharged Wands.
 13167 | D:7      | Reached XP level 10. HP: 71/71 MP: 20/24
 13215 | D:7      | Killed Menkaure
 13824 | D:8      | Reached skill level 11 in Spellcasting
 14100 | D:8      | Reached skill level 5 in Conjurations
 14762 | D:9      | Learned a level 2 spell: Passwall
 14766 | D:9      | Learned a level 3 spell: Swiftness
 15093 | D:9      | Offered knowledge of Sandblast by Vehumet.
 15095 | D:9      | Reached ** piety under Vehumet
 15824 | D:9      | Offered knowledge of Poisonous Vapours by Vehumet.
 16686 | D:9      | Reached skill level 12 in Spellcasting
 16761 | D:9      | Found a staircase to the Lair.
 17161 | D:10     | Entered Level 10 of the Dungeon
 17217 | D:9      | HP: 1/72 [slime creature (18)]
 17218 | D:9      | Slain by a slime creature

Illustrated notes

Levels and vault maps discovered:
D:1:      amcnicky_arrival_single_pillar, layout_loops_ring, serial_shops, shop,
          nicolae_shop_competitors_out_of_business, shop,
          chequers_serial_rivers_micro_c, minmay_misc_feat_four_crosses
D:2:      layout_loops_cross, serial_shops, nicolae_square_shop,
          nicolae_shop_waterfront, shop, serial_rivers,
          chequers_serial_rivers_small_3, chequers_serial_rivers_micro_b,
          chequers_serial_rivers_micro_b, chequers_serial_rivers_micro_e,
          chequers_serial_rivers_room_b, chequers_serial_rivers_micro_d,
          corexii_leaking_fountain, st_stairs_2, minmay_shallow_snake_nest,
          uniq_robin
D:3:      layout_basic, ebering_ecumenical_altar_mist, minmay_quantized
D:4:      layout_basic, nicolae_ashenzari_panopticon, st_stairs_10,
          hex_intersection, uniq_pikel
D:5:      layout_basic, mainiacjoe_overflow_swirl, minmay_misc_feat_alley,
          minivault_26, uniq_grinder, uniq_blork_the_orc
D:6:      layout_loops_ring, minitemple, minmay_temple_entry_fiery,
          serial_aquarium, aquarium_bridge_straight [aquarium_subvault_bridge,
          aquarium_subvault_window, aquarium_subvault_bridge,
          aquarium_subvault_balcony], aquarium_bridge_square
          [aquarium_subvault_bridge, aquarium_subvault_wall,
          aquarium_subvault_bridge, aquarium_subvault_wall], aquarium_window_2,
          aquarium_window_fake, aquarium_window_1, aquarium_view_2a,
          aquarium_view_2d, uniq_prince_ribbit1
D:7:      layout_rooms, nicolae_shop_overcharged_wands, uniq_harold,
          uniq_menkaure
D:8:      layout_loops_corners
D:9:      layout_roguey, erik_lair_dragon, serial_curves, eino_curves_01,
          eino_curves_04, roderic_batcave
D:10:     layout_basic, uniq_grum, uniq_josephine

Skill      XL: |  1  2  3  4  5  6  7  8  9 10 |
---------------+-------------------------------+-----
Spellcasting   | 3 4 5 7 9 10 12 | 12.1
Conjurations   | 2 4 5 |  5.6
Fire Magic     | 5 6 8 9 |  9.7
Fighting       | 1 |  1.4
Maces & Flails | 1 |  1.4
Short Blades   | |  0.3
Dodging        | |  1.7
Stealth        | |  1.7
Air Magic      | |  0.1

Action                   |  1- 3 |  4- 6 |  7- 9 | 10-12 || total
-------------------------+-------+-------+-------+-------++-------
Melee: Dagger            |    43 |    39 |       |       ||    82
       Tailslap          |     3 |     6 |     1 |       ||    10
       Mace              |       |    10 |    13 |     6 ||    29
 Cast: Foxfire           |   114 |   188 |   168 |   137 ||   607
       Scorch            |       |    43 |    54 |    65 ||   162
       Conjure Flame     |       |     1 |     6 |     7 ||    14
       Shock             |       |       |     4 |       ||     4
       Flame Wave        |       |       |       |     4 ||     4
       Swiftness         |       |       |       |     1 ||     1
  Use: Potion            |       |     7 |       |     1 ||     8
Armor: Skin              |    22 |    32 |    23 |    14 ||    91
Dodge: Dodged            |    33 |    50 |    33 |    32 ||   148

Table legend: (Time is in decaauts)
 A = Elapsed time spent in this place.
 B = Non-inter-level travel time spent in this place.
 C = Inter-level travel time spent in this place.
 D = Time resting spent in this place.
 E = Time spent auto-exploring this place.
 F = Levels seen in this place.
 G = Mean time per level.
                   A        B        C        D        E       F      G
               +--------+--------+--------+--------+--------+-----+--------+
         Total |  17242 |  16731 |    511 |   6816 |   7851 |  10 | 1724.2 |
       Dungeon |  17242 |  16731 |    511 |   6816 |   7851 |  10 | 1724.2 |
               +--------+--------+--------+--------+--------+-----+--------+

Top non-repeatable levels by time:
     D:2: 2527 daAuts
     D:9: 2249 daAuts
     D:3: 2244 daAuts
     D:1: 2011 daAuts
     D:5: 1764 daAuts
     D:4: 1753 daAuts
     D:7: 1721 daAuts
     D:6: 1491 daAuts
     D:8: 1432 daAuts
    D:10: 45 daAuts
